 Dungeon Crawl Stone Soup version 0.30-a0-634-g8abc85282e (webtiles) character file.

Game seed: 13850505677514482548

81423 arthad the Convoker (level 15, -9/71 HPs)
             Began as a Felid Summoner on Jan 14, 2023.
             Was an Initiate of Gozag.
             Hit by a javelin thrown by a merfolk javelineer (19 damage)
             ... on level 4 of the Shoals.
             The game lasted 03:02:09 (42068 turns).

arthad the Convoker (Felid Summoner)               Turns: 42068, Time: 03:02:10

Health: -9/71      AC:  3    Str:  4    XL:     15   Next: 26%
Magic:  5/41       EV: 28    Int: 23    God:    Gozag
Gold:   2590       SH:  0    Dex: 18    Spells: 2/38 levels left
                                        Lives:  0   Deaths: 3

rFire   . . .      SeeInvis +      - Unarmed
rCold   + . .      Faith    .    (shield unavailable)
rNeg    . . .      Spirit   .    (body armour unavailable)
rPois   .          Reflect  .    (helmet unavailable)
rElec   .          Harm     .    (cloak unavailable)
rCorr   .          Rampage  .    (gloves unavailable)
Will    ++...                    (boots unavailable)
Stlth   ++                       N - amulet of magic regeneration
HPRegen 0.31/turn                L - ring of magical power
MPRegen 0.67/turn                y - ring of wizardry

@: mighty, brilliant, gold aura, hasted, studying Unarmed Combat, very quick
A: very small, claws 1, fangs 3, see invisible, speed 1, shaggy fur 3, stealthy
paws, no weapons or thrown items, no armour, multi-lived
a: Renounce Religion, Potion Petition, Call Merchant, Bribe Branch


You were on level 4 of the Shoals.
You worshipped Gozag.
Gozag was most pleased with you.
You visited 5 branches of the dungeon, and saw 27 of its levels.
You also visited: Bailey.

You collected 10988 gold pieces.
You spent 3540 gold pieces at shops.
You paid 4858 gold pieces to Gozag.

Inventory:

Hand Weapons
 w - the +3 flail "Casoitun" {venom, Contam rF+ Dex+3}
   (You found it on level 2 of the Shoals)

   Dex:       It affects your dexterity (+3).
   rF:        It protects you from fire.
   Contam:    It causes magical contamination when unequipped.
Jewellery
 b - a +6 ring of intelligence
 f - a +4 ring of protection
 m - the ring of Jovade Geru {Contam rF+ rN+ Will++ Dex-3}
   (You took it off a yaktaur on level 12 of the Dungeon)

   [ring of positive energy]

   Dex:       It affects your dexterity (-3).
   rF:        It protects you from fire.
   rN:        It protects you from negative energy.
   Contam:    It causes magical contamination when unequipped.
   Will:      It greatly increases your willpower.
 y - a ring of wizardry (right paw)
 D - an amulet of the acrobat
 F - a ring of fire
 L - a ring of magical power (left paw)
 N - an amulet of magic regeneration (around neck)
 O - a ring of ice
 Q - an amulet of guardian spirit
 R - the ring of Gamad {rPois Str+5 Dex-5}
   (You found it on level 14 of the Dungeon)

   [ring of poison resistance]

   Str:       It affects your strength (+5).
   Dex:       It affects your dexterity (-5).
   rPois:     It protects you from poison.
 Z - a +6 ring of strength
Wands
 h - a wand of polymorph (13)
 k - a wand of digging (3)
 v - a wand of flame (25)
 P - a wand of acid (1)
 S - a wand of mindburst (7)
 U - a wand of charming (12)
 X - a wand of iceblast (4)
Scrolls
 e - 8 scrolls of teleportation
 j - 2 scrolls of summoning
 n - 2 scrolls of enchant weapon
 o - 6 scrolls of identify
 q - 2 scrolls of magic mapping
 t - 6 scrolls of fog
 u - 3 scrolls of fear
 A - 10 scrolls of poison
 C - 3 scrolls of vulnerability
 E - 2 scrolls of noise
 G - 3 scrolls of blinking
 H - 3 scrolls of enchant armour
 K - 2 scrolls of silence
 M - 6 scrolls of immolation
Potions
 a - a potion of magic
 c - 3 potions of attraction
 d - 5 potions of curing
 g - 8 potions of might
 i - a potion of invisibility
 l - 3 potions of resistance
 r - 3 potions of brilliance
 s - 5 potions of haste
 x - 4 potions of lignification
 z - 6 potions of cancellation
 B - 5 potions of flight
 I - 3 potions of ambrosia
 T - 3 potions of berserk rage
 V - a potion of mutation
Miscellaneous
 p - a phantom mirror (inert)
 J - a condenser vane (inert)


   Skills:
 + Level 11.3 Fighting
 + Level 15.0 Dodging
 - Level 2.6 Stealth
 + Level 10.3 Unarmed Combat
 + Level 12.2 Spellcasting
 - Level 10.0 Hexes
 * Level 16.4 Summonings
 - Level 12.0 Translocations
 * Level 10.7 Transmutations
 - Level 10.0 Air Magic
 - Level 4.0 Evocations


You had 2 spell levels left.
You knew the following spells:

 Your Spells              Type           Power      Damage    Failure   Level
a - Summon Hydra          Summ           47%        N/A       1%          7
c - Call Canine Familiar  Summ           94%        N/A       0%          3
d - Summon Guardian Gole  Hex/Summ       84%        N/A       1%          3
e - Summon Lightning Spi  Summ/Air       84%        N/A       1%          4
f - Summon Mana Viper     Hex/Summ       84%        N/A       1%          5
g - Summon Cactus Giant   Summ           47%        N/A       1%          6
h - Summon Forest         Summ/Tloc      43%        N/A       1%          5
i - Tukima's Dance        Hex            74%        N/A       1%          3

Your spell library contained the following spells:

 Spells                   Type           Power      Damage    Failure   Level
 Summon Small Mammal      Summ           100%       N/A       0%          1
 Call Imp                 Summ           94%        N/A       0%          2
 Foxfire                  Conj/Fire      84%        2x1d8     1%          1
 Necrotise                Necr           84%        1d8       1%          1
 Sting                    Tmut/Pois      100%       1d8       1%          1
 Ensorcelled Hibernation  Hex/Ice        100%       N/A       1%          2
 Passwall                 Tmut/Erth      45%        N/A       1%          2
 Poisonous Vapours        Pois/Air       100%       N/A       1%          2
 Static Discharge         Conj/Air       100%       2-7/arc   1%          2
 Dazzling Flash           Conj/Hex       100%       N/A       1%          3
 Gell's Gravitas          Tloc           81%        N/A       1%          3
 Ignite Poison            Fire/Tmut/Pois 45%        N/A       1%          3
 Kindle Blastsparks       Fire/Tloc/Air  100%       2d18      1%          3
 Lesser Beckoning         Tloc           100%       N/A       1%          3
 Swiftness                Air            74%        N/A       1%          3
 Teleport Other           Tloc           81%        N/A       1%          3
 Cause Fear               Hex            37%        N/A       1%          4
 Iskenderun's Mystic Bla  Conj/Tloc      58%        2d12      1%          4
 Passage of Golubria      Tloc           81%        N/A       1%          4
 Petrify                  Tmut/Erth      55%        N/A       1%          4
 Yara's Violent Unravell  Hex/Tmut       37%        3d15      1%          5
 Fulminant Prism          Conj/Hex       26%        3d13      2%          4
 Leda's Liquefaction      Hex/Erth       26%        N/A       2%          4
 Ozocubu's Armour         Ice            21%        N/A       6%          3
 Vampiric Draining        Necr           21%        2d7       6%          3
 Metabolic Englaciation   Hex/Ice        26%        N/A       6%          5
 Summon Horrible Things   Summ           47%        N/A       14%         8
 Olgreb's Toxic Radiance  Pois           21%        N/A       17%         4
 Sticky Flame             Conj/Fire      21%        2d4       17%         4
 Eringya's Noxious Bog    Tmut/Pois      27%        N/A       30%         6
 Statue Form              Tmut/Erth      36%        N/A       30%         6
 Conjure Ball Lightning   Conj/Air       26%        3x3d7     32%         6
 Agony                    Necr           21%        N/A       43%         5
 Iskenderun's Battlesphe  Conj           21%        2d7       43%         5
 Lee's Rapid Deconstruct  Erth           10%        3d8*      43%         5
 Spellforged Servitor     Conj/Summ      33%        N/A       45%         7
 Iron Shot                Conj/Erth      10%        9d3       93%         6
 Starburst                Conj/Fire      10%        6d5       93%         6
 Orb of Destruction       Conj           10%        9d6       100%        7
 Ozocubu's Refrigeration  Ice            10%        4d9       100%        7
 Ignition                 Fire           10%        3d5       100%        8
 Portal Projectile        Hex/Tloc       Unusable   N/A       N/A         3

Dungeon Overview and Level Annotations

Branches:
Dungeon (15/15)            Temple (1/1) D:5            Lair (5/5) D:9
 Shoals (4/4) Lair:2        Snake (0/4) Lair:2        Slime (0/5) Lair:4
    Orc (2/2) D:12            Elf (0/3) Orc:2        Vaults (0/5) D:14
 Depths (0/4) D:15         Bailey (visited)

Altars:
Ashenzari
Cheibriados
Dithmenos
Elyvilon
Fedhas
Gozag
Hepliaklqana
Kikubaaqudgha
Makhleb
Nemelex Xobeh
Okawaru
Qazlal
Ru
Sif Muna
Trog
Uskayaw
Vehumet
Wu Jian
Xom
Yredelemnul
Zin
The Shining One
Jiyva
Lugonu

Shops:
D:1 (   D:8 (   D:10 :   D:12 (   D:14 *   Orc:1 ?   Orc:2 [[*[*   Lair:5 ?:=?
Shoals:1 =   Shoals:2 [

Portals:
Abyss: Lair:5 Shoals:1

Annotations:
D:12 2 runed translucent doors
D:13 2 transporters, Jynaviopo's ghost, journeyman GrFi
D:14 3 runed translucent doors, Anelople's ghost, journeyman GnWn
Lair:1 3 runed translucent doors, wormed's ghost, journeyman FoFi
Shoals:1 1 runed translucent door
Orc:1 1 runed translucent door, Werytelu's ghost, journeyman HuDe


Innate Abilities, Weirdness & Mutations

You have sharp claws.
You have razor-sharp teeth.
You have supernaturally acute eyesight. (SInv)
You cover ground quickly. (Speed+)
Your thick and shaggy fur keeps you warm. (AC +3, rC+)
Your paws help you pounce on unaware monsters.
You are incapable of wielding weapons or throwing items.
You cannot wear armour.
You gain extra lives every three experience levels.


Message History

r - Retreat! s - Stop attacking. g - Guard the area. f - Follow me.
Anything else - Cancel.
Gang up on whom?
Press: ? - help, Dir - move target, f/p - merfolk javelineer
Aim: a merfolk javelineer, wearing a +0 leather armour and quivering javelins (ally target) Attack!
Your +0 spear misses the merfolk javelineer.
The merfolk javelineer throws a javelin.
The javelin pierces through your snapping turtle!
The javelin pierces through you!!
* * * LOW HITPOINT WARNING * * *
You feel better.
Your snapping turtle bites the merfolk javelineer from afar!
Your +0 spear hits the merfolk javelineer.
The merfolk javelineer throws a javelin.
The javelin pierces through your snapping turtle!
The javelin completely misses you.
Casting: Tukima's Dance (safe; 1% risk of failure)
Confirm with . or Enter, or press ? or * to list all spells.
You feel a surge of power!
A four-headed hydra appears.
Your snapping turtle bites the merfolk javelineer from afar!!
You hear an angry hiss.
You hear a shout! x2
What are your orders? t - Meow!
Orders for allies: a - Attack new target. p - Attack previous target. r - Retreat! s - Stop attacking. g - Guard the area. f - Follow me.
Anything else - Cancel.
Gang up on whom?
Press: ? - help, Dir - move target, f/p - merfolk javelineer
Aim: a merfolk javelineer, wearing a +0 leather armour and quivering javelins (heavily wounded, ally target) Attack!
You hear a screech!
You hear a shout!
The merfolk javelineer throws a javelin.
The javelin pierces through your snapping turtle!!
Your snapping turtle dies!
The javelin pierces through you!!
You die...
Your body crumbles into a pile of gold.

~~~~~~~~,,,,~~...~~~~~~~≈~~~~~~~~
~≈≈≈≈~~~**+**....~~~~~~≈≈~~~~~~~~
~≈≈≈≈~~**~~,*#....~~~≈≈≈≈≈~~~~~~~
~≈≈≈≈≈~*~~~,,#....~~~≈≈≈≈≈~~~~~~~
~≈≈≈≈≈~*,,,,,#..$.~~~≈≈≈≈≈~~~~~~~
~≈≈≈≈≈~*,,,,,#....~~≈≈≈≈≈≈≈≈~~~~~
~≈≈≈≈≈~#*,,,##....~~~≈≈≈≈≈≈≈~~~~~
~≈≈≈≈≈~~##'##...$.D~~~≈≈≈≈≈≈~~~~~
~≈≈≈≈~~~~~~m.$..@..~~~≈≈≈≈≈≈~~~~~
~≈≈≈≈~~~$~~(....$..~~~~≈≈≈≈≈~~~~~
~≈≈≈≈~~~~~...○...$..~°~≈≈≈≈≈~~~~~
~≈≈≈~~~~~~...°§○...○§°~~≈≈≈≈~~~~~
~≈≈≈~~~~~...°°......☼○~~≈≈≈≈~~~~~
~≈≈≈~~~~~...☼.#####.~~~~~≈≈≈~~~~~
~≈≈≈≈~~~~....##,,,##$~$~~≈≈≈~~~~~
~≈≈≈≈≈≈≈~~.~.#,,,,,♣$$$~~~≈≈~~~~~
~~≈≈≈≈≈~~~~~~#,,,,~'$~~~~~~~~~~~~


You could see a merfolk javelineer (ally target), a friendly four-headed hydra
(summoned) and a friendly +0 spear.

Vanquished Creatures
  Kirke (Shoals:4)
  Nessos (D:15)
  A merfolk avatar (Shoals:2)
  A two-headed ogre (D:9)
  A satyr (Shoals:3)
  A sea snake (Shoals:4)
  A harpy (Shoals:2)
  A faun (Shoals:1)
  A cane toad (Lair:5)
  A merfolk (Shoals:4)
  Prince Ribbit (Bailey)
  Grinder (D:5)
  A blink frog (Lair:5)
  A nameless horror (Shoals:1)
  A snapping turtle (Shoals:4)
  A slime creature (D:12)
  A water elemental (Shoals:3)
  A basilisk (Lair:5)
  A human (Bailey)
  A fire elemental (D:15)
  A vampire mosquito (D:9)
  Edmund (D:5)
  A phantom (D:6)
  A bullfrog (Bailey)
  2 killer bees (D:7)
  3 electric eels
  An iguana (D:4)
  2 orc wizards
  4 orcs
  An endoplasm (D:2)
  A jackal (D:2)
  A ball python (D:2)
  A kobold (D:1)
  A rat (D:1)
41 creatures vanquished.

Vanquished Creatures (collateral kills)
  Bai Suzhen (Shoals:4)
  Nikola (Shoals:4)
  Polyphemus (Shoals:2)
  Roxanne (D:15)
  Ilsuiw (Shoals:2)
  Louise (Shoals:3)
  An orc warlord (Orc:1)
  Azrael (D:15)
  A merfolk javelineer (Shoals:4)
  Josephine (D:15)
  A fire dragon (D:9)
  5 merfolk impalers
  A quicksilver dragon zombie (D:15)
  2 vault guards (Bailey)
  2 catoblepae
  Erolcha (D:13)
  9 hydras
  An ogre mage (D:14)
  2 alligator snapping turtles (Shoals:4)
  11 boulder beetles
  2 satyrs
  9 centaur warriors
  A merfolk avatar (Shoals:4)
  4 merfolk aquamancers
  2 tengu warriors
  11 two-headed ogres
  5 death yaks
  4 orc high priests
  2 thrashing horrors (Lair:5)
  Sonja (Lair:4)
  9 sea snakes
  3 skeletal warriors
  Lodul (D:10)
  An orb spider (shapeshifter) (Lair:5)
  2 wizards (D:14)
  A deep troll (shapeshifter) (D:14)
  A necromancer (D:15)
  A harpy (shapeshifter) (Lair:5)
  23 harpies
  A phantasmal warrior (D:15)
  6 orc knights
  5 ugly things
  A deep elf pyromancer (D:14)
  12 manticores
  A lindwurm (shapeshifter) (Lair:5)
  4 orc sorcerers
  5 cyclopes
  A cyclops (shapeshifter) (Lair:5)
  18 fauns
  4 large abominations (Lair:5)
  Joseph (D:8)
  6 merfolk sirens
  4 water nymphs
  A stone giant skeleton (D:15)
  2 apocalypse crabs (Shoals:1)
  26 elephants
  4 black mambas
  2 torpor snails (Lair:5)
  2 rime drakes
  9 cane toads
  3 gargoyles (D:12)
  5 yaktaurs
  An unseen horror (D:12)
  12 komodo dragons
  Psyche (D:8)
  2 freezing wraiths (D:14)
  A spriggan zombie (D:15)
  2 ancient zymes (Lair:5)
  18 merfolk
  5 wind drakes
  3 polar bears
  7 trolls
  2 meliai
  25 blink frogs
  4 snapping turtles
  A raiju (shapeshifter) (D:15)
  11 dream sheep
  A culicivora (shapeshifter) (D:14)
  10 water elementals
  6 slime creatures
  A spriggan (Lair:5)
  A shadow (D:11)
  5 small abominations (Lair:5)
  4 wyverns
  10 wraiths
  36 yaks
  4 vampires
  A human (Bailey)
  A fire elemental (D:15)
  A ynoxinul (Lair:5)
  7 hogs (Shoals:4)
  3 steam dragons
  12 basilisks
  Eustachio (D:5)
  7 vampire mosquitoes
  Grum (Lair:1)
  2 chaos spawn (Lair:5)
  4 wargs
  A naga (Lair:2)
  3 hell hounds (D:15)
  14 water moccasins
  8 acid dragons
  A human skeleton (D:15)
  2 nameless horrors (Shoals:3)
  2 black bears
  22 orc warriors
  4 boggarts (D:15)
  21 ogres
  20 wolves
  5 centaurs
  4 lemures (D:8)
  5 kobold brigands
  16 bullfrogs
  A scorpion (D:7)
  6 gnoll sergeants
  4 wights
  6 killer bees
  2 jellies
  3 hounds
  19 orc priests
  Jessica (D:2)
  Terence (D:2)
  2 iguanas
  21 orc wizards
  Ijyb (D:5)
  11 adders
  21 gnolls
  A shadow imp (D:6)
  2 white imps
  2 ufetubi
  4 worms
  56 orcs
  8 ball pythons
  5 bats
  7 endoplasms
  4 giant cockroaches (D:1)
  9 goblins
  7 hobgoblins
  2 jackals (D:2)
  A kobold (D:4)
  5 quokkas
  A frilled lizard (D:3)
  6 rats
811 creatures vanquished.

Vanquished Creatures (others)
  A sphinx (D:14)
  Snorg (D:14)
  A merfolk javelineer (Shoals:4)
  An ogre mage (D:14)
  A death yak (Lair:5)
  A skeletal warrior (D:9)
  Pikel (D:8)
  2 elephants
  A manticore (Shoals:3)
  A water nymph (Shoals:4)
  A meliai (D:9)
  A blink frog (Lair:5)
  2 hornets
  2 slime creatures
  A snapping turtle (Shoals:4)
  4 yaks
  2 wyverns (D:9)
  2 dancing weapons (Shoals:4)
  3 humans (Bailey)
  A vampire mosquito (D:10)
  An acid dragon (D:8)
  A water moccasin (D:9)
  4 orc warriors (D:9)
  A centaur (D:10)
  A kobold brigand (D:9)
  A wight (D:9)
  A small abomination (Lair:5)
  5 killer bees
  A gnoll bouda (D:7)
  An orc (Bailey)
  A goblin (Bailey)
  23 fungi
  183 plants
  15 snaplasher vines
  11 withered plants (D:15)
280 creatures vanquished.

Grand Total: 1132 creatures vanquished

Notes
Turn   | Place    | Note
-------+----------+-------------------------------------------
     0 | D:1      | arthad the Felid Summoner began the quest for the Orb.
     0 | D:1      | Reached XP level 1. HP: 7/7 MP: 4/4
   174 | D:1      | Found Zekyts's Antique Weapon Shop.
   457 | D:1      | Reached XP level 2. HP: 11/11 MP: 3/6
   569 | D:1      | Learned a level 2 spell: Call Imp
  1438 | D:2      | Reached XP level 3. HP: 14/14 MP: 3/7
  1442 | D:2      | Learned a level 3 spell: Call Canine Familiar
  1453 | D:2      | Reached skill level 5 in Summonings
  1805 | D:2      | Reached skill level 1 in Hexes
  1982 | D:2      | Noticed Terence
  2011 | D:2      | Reached XP level 4. HP: 16/18 MP: 0/8
  2011 | D:2      | Killed Terence
  2012 | D:2      | Reached skill level 1 in Fighting
  2264 | D:2      | Noticed Jessica
  2276 | D:2      | Killed Jessica
  2397 | D:2      | Identified the +5 whip "Qucumow" {freeze, Dex+8}
  2607 | D:3      | Reached XP level 5. HP: 22/22 MP: 4/9
  2667 | D:3      | Found a glowing golden altar of the Shining One.
  3443 | D:3      | Found a faded altar of an unknown god.
  3500 | D:4      | Reached skill level 1 in Air Magic
  3664 | D:4      | Found a sparkling altar of Nemelex Xobeh.
  3782 | D:4      | Gained mutation: You are covered in thick fur. (AC +2)
                  | [Felid growth]
  3782 | D:4      | Reached XP level 6. HP: 19/25 MP: 6/11
  4146 | D:5      | Entered Level 5 of the Dungeon
  4162 | D:5      | Noticed Grinder
  4213 | D:5      | Paralysed by Grinder for 4 turns
  4223 | D:5      | Killed Grinder
  4414 | D:5      | Reached XP level 7. HP: 30/30 MP: 12/12
  4479 | D:5      | Reached skill level 6 in Summonings
  4715 | D:5      | Noticed Edmund
  4737 | D:5      | Killed Edmund
  4738 | D:5      | Reached skill level 5 in Hexes
  4901 | D:5      | Found a staircase to the Ecumenical Temple.
  4928 | Temple   | Entered the Ecumenical Temple
  5428 | D:5      | Noticed Eustachio
  5446 | D:5      | Killed Eustachio
  5608 | D:5      | Noticed Ijyb
  5635 | D:5      | Killed Ijyb
  5723 | D:5      | Reached XP level 8. HP: 29/34 MP: 8/15
  5727 | D:5      | Learned a level 3 spell: Summon Guardian Golem
  5732 | D:5      | Learned a level 4 spell: Summon Lightning Spire
  6608 | D:6      | Found a snail-covered altar of Cheibriados.
  7201 | D:7      | Reached skill level 5 in Dodging
  7290 | D:7      | Found a white marble altar of Elyvilon.
  7530 | D:7      | Reached skill level 1 in Evocations
  7610 | D:7      | Found a hazy altar of Hepliaklqana.
  7760 | D:7      | Reached skill level 7 in Summonings
  7821 | D:7      | Noticed a hornet
  7845 | D:7      | Killed a hornet
  8119 | D:7      | Reached skill level 5 in Spellcasting
  8186 | D:6      | Upgraded the game from 0.30-a0-632-g346586fe48 to
                  | 0.30-a0-634-g8abc85282e
  8327 | D:7      | Reached XP level 9. HP: 38/38 MP: 11/17
  8536 | D:8      | Noticed Psyche
  8548 | D:8      | Killed Psyche
  8676 | D:8      | Found a flagged portal.
  8768 | D:8      | Found Uceysag's Firing Range.
  8809 | Bailey   | Entered a bailey
  8902 | Bailey   | Reached skill level 8 in Summonings
  9097 | Bailey   | Noticed a vault guard
  9097 | Bailey   | Noticed Prince Ribbit
  9117 | Bailey   | Killed a vault guard
  9118 | Bailey   | Reached XP level 10. HP: 43/43 MP: 4/20
  9128 | Bailey   | Killed Prince Ribbit
  9251 | Bailey   | Noticed a vault guard
  9262 | Bailey   | Killed a vault guard
  9263 | Bailey   | Reached skill level 5 in Air Magic
  9528 | D:8      | Noticed Pikel
  9533 | D:8      | Killed Pikel
  9799 | D:8      | Found an opulent altar of Gozag.
  9834 | D:8      | Became a worshipper of Gozag Ym Sagoz the Greedy
  9911 | D:8      | Noticed Joseph
  9923 | D:8      | Killed Joseph
  9924 | D:8      | Reached skill level 5 in Fighting
  9924 | D:8      | Reached skill level 9 in Summonings
 11072 | D:9      | Noticed a centaur warrior
 11090 | D:9      | Killed a centaur warrior
 11250 | D:9      | Noticed a two-headed ogre
 11261 | D:9      | Killed a two-headed ogre
 11594 | D:9      | Reached XP level 11. HP: 30/48 MP: 13/22
 11820 | D:9      | Found a staircase to the Lair.
 12029 | D:9      | Found a shimmering blue altar of Sif Muna.
 12059 | D:9      | Found a broken altar of Ashenzari.
 12271 | D:9      | Identified the +8 quarterstaff of Blood-Lust {speed, Int+6
                  | Stlth-}
 12359 | D:9      | Reached skill level 10 in Summonings
 12818 | D:9      | Noticed a two-headed ogre
 12826 | D:9      | Killed a two-headed ogre
 13141 | D:9      | Noticed a skeletal warrior
 13158 | D:9      | Killed a skeletal warrior
 13166 | D:9      | Noticed a centaur warrior
 13180 | D:9      | Killed a centaur warrior
 13441 | D:9      | Noticed a fire dragon
 13441 | D:9      | Noticed a tengu warrior
 13449 | D:9      | Killed a tengu warrior
 13463 | D:9      | Killed a fire dragon
 13579 | D:9      | Got Aheorhuk's Tome of Flashy Malediction
 13590 | D:9      | Identified the +0 cloak of the Dragon {+Inv rC+++ Int-5
                  | Dex-4}
 13723 | D:10     | Entered Level 10 of the Dungeon
 13749 | D:10     | Gained mutation: Your thick and shaggy fur keeps you warm.
                  | (AC +3, rC+) [Felid growth]
 13749 | D:10     | Reached XP level 12. HP: 53/53 MP: 12/24
 13759 | D:10     | Reached skill level 11 in Summonings
 13797 | D:10     | Reached skill level 1 in Unarmed Combat
 14003 | D:10     | Found a hide-covered altar of Uskayaw.
 14195 | D:10     | Found Umeujih's Book Shoppe.
 14206 | D:10     | Bought a book of the Wilderness for 456 gold pieces
 14212 | D:10     | Learned a level 5 spell: Summon Mana Viper
 14219 | D:10     | Learned a level 6 spell: Summon Cactus Giant
 14271 | D:10     | Noticed Lodul
 14280 | D:10     | Killed Lodul
 14281 | D:10     | Reached skill level 1 in Translocations
 14880 | D:10     | Noticed a two-headed ogre
 14889 | D:10     | Killed a two-headed ogre
 14890 | D:10     | Reached skill level 10 in Dodging
 15242 | D:11     | Identified the +9 rapier "Nathiddo" {protect, Int+2 Stlth+}
 15395 | D:11     | Noticed a boulder beetle
 15420 | D:11     | Noticed a boulder beetle
 15599 | D:11     | Killed a boulder beetle
 15603 | D:11     | Killed a boulder beetle
 16070 | D:11     | Noticed a two-headed ogre
 16076 | D:11     | Killed a two-headed ogre
 16401 | D:11     | Found an ornate altar of the Wu Jian Council.
 16408 | D:11     | Noticed a two-headed ogre
 16416 | D:11     | Killed a two-headed ogre
 16636 | D:12     | Noticed a two-headed ogre
 16644 | D:11     | Killed a two-headed ogre
 16753 | D:12     | Found Siojut's Weapon Shop.
 16786 | D:12     | Found a large runed translucent door.
 16786 | D:12     | Noticed a centaur warrior
 16788 | D:12     | Found a large runed translucent door.
 16820 | D:12     | Noticed a two-headed ogre
 16820 | D:12     | Noticed a two-headed ogre
 16831 | D:12     | Killed a two-headed ogre
 16835 | D:12     | Killed a two-headed ogre
 16835 | D:12     | Noticed a tengu warrior
 16838 | D:12     | Killed a tengu warrior
 16851 | D:12     | Identified the +1 scale mail "Zeekiyqu" {rElec Str+4 Dex-5}
 16926 | D:12     | Identified the ring of Jovade Geru {Contam rF+ rN+ Will++
                  | Dex-3}
 16933 | D:12     | Found a large runed translucent door.
 16933 | D:12     | Found a large runed translucent door.
 17052 | D:12     | Killed a centaur warrior
 17058 | D:12     | Reached skill level 12 in Summonings
 17176 | D:12     | Noticed a two-headed ogre
 17185 | D:12     | Killed a two-headed ogre
 17186 | D:12     | Reached XP level 13. HP: 58/58 MP: 24/26
 17596 | D:12     | Reached skill level 5 in Translocations
 17752 | D:12     | Found a staircase to the Orcish Mines.
 18792 | D:13     | Found a transporter.
 18811 | D:13     | Noticed Jynaviopo's ghost (journeyman GrFi)
 18813 | D:13     | Reached skill level 10 in Air Magic
 18966 | D:13     | Found a transporter.
 19149 | D:13     | Learned a level 5 spell: Summon Forest
 19309 | D:13     | Found a sparkling altar of Nemelex Xobeh.
 19475 | D:13     | Noticed Erolcha
 19480 | D:13     | Killed Erolcha
 19826 | D:14     | Found Qior's General Store.
 19863 | D:14     | Bought a scroll of blinking for 105 gold pieces
 19993 | D:14     | Reached skill level 1 in Transmutations
 20435 | D:14     | Noticed a sphinx
 20444 | D:14     | Reached skill level 13 in Summonings
 20445 | D:14     | Killed a sphinx
 20446 | D:14     | Reached skill level 5 in Unarmed Combat
 20479 | D:14     | Reached XP level 14. HP: 47/63 MP: 1/28
 20645 | D:14     | Identified the ring of Gamad {rPois Str+5 Dex-5}
 21015 | D:14     | Found a gate to the Vaults.
 21213 | D:14     | Found a runed translucent gate.
 21213 | D:14     | Found a runed translucent gate.
 21214 | D:14     | Noticed Anelople's ghost (journeyman GnWn)
 21215 | D:14     | Found a runed translucent gate.
 21219 | D:14     | Identified the +4 whip "Wiav" {flame, MP+9}
 21221 | D:14     | Identified the ring of the Furies {rF+ Will+}
 21768 | D:14     | Noticed Snorg
 21780 | D:14     | HP: 3/63 [Snorg (23)]
 21784 | D:14     | Killed Snorg
 22257 | D:15     | Entered Level 15 of the Dungeon
 22261 | D:14     | HP: 1/63 [meliai/divine providence (11)]
 22264 | D:14     | Slain by a meliai
 22265 | D:14     | Reached XP level 13. HP: -1/60 MP: 33/36
 22464 | D:15     | Identified the +3 flail of Traps {freeze, rC+}
 22720 | D:15     | Noticed Nessos
 22728 | D:15     | Killed Nessos
 23556 | D:15     | Noticed Azrael
 23573 | D:15     | Killed Azrael
 23733 | D:15     | Found a staircase to the Depths.
 23813 | D:15     | Noticed Josephine
 23824 | D:15     | HP: 1/60 [raiju (shapeshifter) (9)]
 23826 | D:15     | Killed Josephine
 24004 | D:15     | Noticed Roxanne
 24823 | D:15     | Killed Roxanne
 24824 | D:15     | Reached skill level 14 in Summonings
 25098 | Lair:1   | Entered Level 1 of the Lair of Beasts
 25102 | Lair:1   | Noticed Grum
 25107 | Lair:1   | Reached XP level 14. HP: 62/64 MP: 15/28
 25110 | Lair:1   | Killed Grum
 25366 | Lair:1   | Found a runed translucent gate.
 25366 | Lair:1   | Found a runed translucent gate.
 25366 | Lair:1   | Found a runed translucent gate.
 25372 | Lair:1   | Noticed wormed's ghost (journeyman FoFi)
 25587 | Lair:1   | Reached skill level 5 in Transmutations
 26315 | Lair:1   | Reached skill level 10 in Spellcasting
 27171 | Lair:2   | You fall into a shaft and drop 1 floor!
 27641 | Lair:2   | Found a staircase to the Snake Pit.
 28104 | Lair:2   | Found a staircase to the Shoals.
 28450 | Lair:3   | Identified the +1 war axe of the Poles {vamp, rN+ rCorr}
 28882 | Lair:3   | Found a basalt altar of Yredelemnul.
 30080 | Lair:4   | Learned a level 3 spell: Tukima's Dance
 30509 | Lair:4   | Reached skill level 10 in Translocations
 30622 | Lair:4   | Noticed Sonja
 30630 | Lair:4   | Killed Sonja
 30792 | Lair:4   | Found a staircase to the Slime Pits.
 30792 | Lair:4   | Found a viscous altar of Jiyva.
 30930 | Lair:5   | Entered Level 5 of the Lair of Beasts
 31724 | Lair:5   | Reached XP level 15. HP: 69/69 MP: 25/30
 31886 | Lair:5   | Reached skill level 10 in Fighting
 33004 | Lair:5   | Reached skill level 15 in Summonings
 33649 | Lair:5   | Found a corrupted altar of Lugonu.
 33649 | Lair:5   | Found a one-way gate to the infinite horrors of the Abyss.
 33843 | Lair:5   | Got the Codex of the Limned Swarm
 34140 | Lair:5   | Bought a manual of Unarmed Combat for 960 gold pieces
 34140 | Lair:5   | Bought a Fen Folio for 504 gold pieces
 34143 | Lair:5   | Bought a scroll of acquirement for 780 gold pieces
 34144 | Lair:5   | Acquired 742 gold pieces
 34152 | Lair:5   | Bought an amulet of magic regeneration for 480 gold pieces
 34363 | Orc:1    | Entered Level 1 of the Orcish Mines
 34632 | Orc:1    | Found a runed translucent door.
 34632 | Orc:1    | Noticed Werytelu's ghost (journeyman HuDe)
 34658 | Orc:1    | Found Zeseqom's Magic Scroll Emporium.
 35063 | Orc:2    | Entered Level 2 of the Orcish Mines
 35418 | Orc:2    | Found a staircase to the Elven Halls.
 35468 | Orc:2    | Found Ycuimod's Antique Armour Shoppe.
 35645 | Orc:2    | Found Tipy's Armour Emporium.
 35645 | Orc:2    | Found Kimuan's General Store.
 35665 | Orc:2    | Found Nolikk's Assorted Antiques.
 35665 | Orc:2    | Found Owilliqo's Armour Emporium.
 35671 | Orc:2    | Bought a potion of heal wounds for 75 gold pieces
 35671 | Orc:2    | Bought a potion of brilliance for 60 gold pieces
 35671 | Orc:2    | Bought a potion of ambrosia for 120 gold pieces
 36240 | Shoals:1 | Entered Level 1 of the Shoals
 36392 | Lair:2   | Learned a level 7 spell: Summon Hydra
 36625 | Shoals:1 | Reached skill level 10 in Hexes
 36686 | Shoals:1 | Found Bunof's Jewellery Boutique.
 36890 | Shoals:1 | Reached XP level 16. HP: 73/73 MP: 16/32
 37624 | Shoals:1 | Found a runed translucent door.
 37628 | Shoals:1 | Found a corrupted altar of Lugonu.
 38347 | Shoals:2 | Noticed Polyphemus
 38869 | Shoals:2 | Found Suaw's Antique Armour Shop.
 38878 | Shoals:2 | Identified the +3 flail "Casoitun" {venom, Contam rF+
                  | Dex+3}
 39286 | Shoals:2 | Noticed Ilsuiw
 39302 | Shoals:2 | Killed Ilsuiw
 39737 | Shoals:2 | Killed Polyphemus
 40642 | Shoals:3 | Noticed Louise
 40789 | Shoals:3 | Reached skill level 16 in Summonings
 40932 | Shoals:3 | HP: 1/75 [Louise/bolt of lightning (25)]
 40938 | Shoals:3 | Killed Louise
 41643 | Shoals:4 | Entered Level 4 of the Shoals
 41647 | Shoals:4 | Reached skill level 10 in Transmutations
 41847 | Shoals:4 | Noticed Bai Suzhen
 41863 | Shoals:4 | Killed Bai Suzhen
 41893 | Shoals:4 | Reached skill level 10 in Unarmed Combat
 41893 | Shoals:4 | Reached XP level 17. HP: 34/78 MP: 26/34
 41910 | Shoals:4 | Hit by a javelin thrown by a merfolk javelineer
 41911 | Shoals:4 | Reached XP level 16. HP: 0/75 MP: 4/42
 41931 | Shoals:4 | Noticed Nikola
 41944 | Shoals:4 | Killed Nikola
 41983 | Shoals:4 | Slain by a merfolk
 41984 | Shoals:4 | Reached XP level 15. HP: -1/71 MP: 14/41
 42015 | Shoals:4 | Noticed Kirke
 42056 | Shoals:4 | Killed Kirke
 42057 | Shoals:4 | Reached skill level 15 in Dodging
 42068 | Shoals:4 | Hit by a javelin thrown by a merfolk javelineer

Illustrated notes

Levels and vault maps discovered:
D:1:      wander_arrival_lonely_grave, layout_basic, serial_shops,
          nicolae_shop_trees
D:2:      layout_basic, hangedman_decor_points, uniq_jessica, uniq_terence
D:3:      layout_loops_ring, nicolae_tso_swordbearing_angel,
          shapermc_ecumenical_altar_mp_urbaneastern, roderic_roman_lattice
D:4:      layout_cave_pools, mainiacjoe_overflow_cross_hatched
D:5:      layout_loops_corners, minmay_temple_entry_large_hall, uniq_grinder,
          uniq_edmund, uniq_ijyb, uniq_eustachio
D:6:      layout_basic, kennysheep_mini, serial_bayou_pond_e
D:7:      layout_gridville, elyvilon_altar_5, overflow_temple_1_default,
          minmay_fire_ice_demons
D:8:      layout_layer_cave, mainiacjoe_overflow_brackets, enter_bailey_3,
          nicolae_shop_firing_range, uniq_pikel, uniq_joseph, uniq_psyche
D:9:      minmay_the_grid_4x2 [minmay_the_grid_mess, minmay_the_grid_rooms,
          minmay_the_grid_dragon_b, minmay_the_grid_pillar_ring,
          minmay_the_grid_garden, minmay_the_grid_tiny_cups,
          minmay_the_grid_embedded, minmay_the_grid_prize_trominoes],
          layout_stronghold, ashenzari_altar_1, nicolae_sif_muna_condensation,
          lair_entry_dummy
D:10:     layout_irregular_city, mainiacjoe_overflow_six_doors_small,
          serial_shops, nicolae_shop_trees, uniq_lodul
D:11:     layout_loops_cross, grunt_ogre_cave,
          nicolae_wu_jian_immortal_techniques
D:12:     layout_long_grid, kennysheep_orc_monster_closet_entryway,
          serial_shops, nicolae_square_shop, minmay_hollow_rounded_squares
D:13:     layout_roguey, gammafunk_ghost_stat_death, minivault_1,
          hangedman_abyss_or_decor_stagger, nemelex_diamond_rough_becter,
          uniq_erolcha
D:14:     kennysheep_green_arena, layout_loops_corners, david_vaults_2,
          minmay_misc_feat_five, biasface_ghost_orc_armoury, serial_shops,
          nicolae_square_shop, uniq_snorg
D:15:     gammafunk_depths_entry_grave, layout_layer_cave, uniq_josephine,
          uniq_azrael, uniq_nessos, uniq_roxanne
Temple:   dshaligram_water_room_temple
Lair:1:   layout_cave_pods, maelrawn_ghost_gauntlet_escape,
          serial_bayou_shore_a, grunt_megastairs_4, uniq_grum
Lair:2:   layout_cave_pods, nicolae_shoals_entry_roost,
          guppyfry_snake_entry_garden
Lair:3:   layout_regular_city, portal_ice_cave_entry_pillars_2, basic_altar,
          serial_bayou_shore_b
Lair:4:   layout_gridlike, slime_entry_1, grunt_megastairs_2, uniq_sonja
Lair:5:   hellmonk_lair_end_abyssal_woods, layout_cave_pods, pond,
          lemuel_fruit_fields, lemuel_fruit_tree
Shoals:1: nicolae_shoals_island_circles, layout_shoals, serial_shops, shop,
          nicolae_shoals_abyss_on_the_beach
Shoals:2: layout_shoals, serial_shops, shop_statue,
          nicolae_shoals_siren_and_animal_friends, uniq_polyphemus, uniq_ilsuiw
Shoals:3: cheibrodos_shoals_satyrical_garden, layout_shoals,
          nicolae_shoals_stone_sculpture_thing, uniq_louise
Shoals:4: shoals_end_simple, layout_shoals, uniq_nikola, uniq_kirke,
          uniq_bai_suzhen
Orc:1:    layout_caves, gammafunk_ghost_grave, serial_shops,
          nicolae_shop_statue_plus
Orc:2:    grunt_orc_tribal_feast, layout_caves, serial_shops, shop_fountains,
          nicolae_orc_damp_corner

Skill      XL: |  1  2  3  4  5  6  7  8  9 10 11 12 13 14 15 16 |
---------------+-------------------------------------------------+-----
Summonings     | 5 6 7 8 9 10 12 14 15 16 | 16.4
Hexes          | 1 2 3 4 5 7 8 10 | 10.0
Fighting       | 1 2 3 4 5 6 7 9 10 11 | 11.3
Dodging        | 3 4 5 6 8 9 10 12 13 15 | 15.0
Air Magic      | 1 2 3 4 6 8 9 10 | 10.0
Spellcasting   | 3 4 5 6 7 8 9 10 11 12 | 12.2
Evocations     | 1 3 4 |  4.0
Unarmed Combat | 3 6 7 8 10 | 10.3
Translocations | 4 8 10 11 12 | 12.0
Transmutations | 4 6 8 10 | 10.7
Stealth        | |  2.6

Action                   |  1- 3 |  4- 6 |  7- 9 | 10-12 | 13-15 | 16-18 || total
-------------------------+-------+-------+-------+-------+-------+-------++-------
Melee: Unarmed           |    14 |     7 |    54 |    31 |    78 |    11 ||   195
       Bite              |       |     1 |     9 |     4 |    10 |     2 ||    26
       Punch             |       |       |     2 |       |     2 |     2 ||     6
 Cast: Summon Small Mamm |    49 |    34 |    42 |     4 |       |       ||   129
       Call Imp          |     9 |    12 |    24 |    14 |    16 |       ||    75
       Call Canine Famil |     8 |    13 |    48 |    47 |    99 |    14 ||   229
       Summon Guardian G |       |       |    16 |    42 |    27 |     2 ||    87
       Summon Lightning  |       |       |    10 |    49 |    68 |     3 ||   130
       Summon Cactus Gia |       |       |       |    24 |   163 |    47 ||   234
       Summon Mana Viper |       |       |       |    20 |   156 |    37 ||   213
       Summon Forest     |       |       |       |       |    37 |    11 ||    48
       Summon Hydra      |       |       |       |       |    19 |   127 ||   146
       Tukima's Dance    |       |       |       |       |     8 |     4 ||    12
Invok: Potion Petition   |       |       |       |       |     2 |     1 ||     3
       Call Merchant     |       |       |       |       |     4 |       ||     4
Evoke: Wand              |       |     4 |    19 |    12 |    15 |     6 ||    56
       Phantom mirror    |       |       |       |       |     1 |     2 ||     3
       Condenser vane    |       |       |       |       |     1 |     3 ||     4
  Use: Potion            |     1 |     1 |     1 |     2 |    12 |    15 ||    32
       Scroll            |       |       |     5 |    10 |    20 |     5 ||    40
 Stab: Sleeping          |       |     1 |       |       |       |       ||     1
       Distracted        |       |       |     2 |       |     2 |     1 ||     5
Armor: Skin              |     7 |     2 |    19 |     5 |    10 |     3 ||    46
Dodge: Dodged            |    30 |    10 |   138 |    68 |   317 |   219 ||   782

Table legend: (Time is in decaauts)
 A = Elapsed time spent in this place.
 B = Non-inter-level travel time spent in this place.
 C = Inter-level travel time spent in this place.
 D = Time resting spent in this place.
 E = Time spent auto-exploring this place.
 F = Levels seen in this place.
 G = Mean time per level.
                   A        B        C        D        E       F      G
               +--------+--------+--------+--------+--------+-----+--------+
         Total |  38308 |  36868 |   1440 |   2356 |  27931 |  28 | 1368.1 |
       Dungeon |  22062 |  21184 |    878 |   1095 |  16478 |  15 | 1470.8 |
        Temple |    138 |    121 |     17 |      0 |    111 |   1 |  138.0 |
          Lair |   8636 |   8286 |    350 |    401 |   6533 |   5 | 1727.2 |
        Shoals |   5378 |   5228 |    150 |    752 |   3380 |   4 | 1344.5 |
  Orcish Mines |   1521 |   1479 |     42 |      0 |   1137 |   2 |  760.5 |
        Bailey |    571 |    571 |      0 |    108 |    291 |   1 |  571.0 |
               +--------+--------+--------+--------+--------+-----+--------+

Top non-repeatable levels by time:
  Lair:5: 2619 daAuts
     D:9: 2607 daAuts
    D:14: 2433 daAuts
    D:15: 2269 daAuts
Shoals:1: 2226 daAuts
    D:12: 1919 daAuts
  Lair:1: 1677 daAuts
  Lair:2: 1619 daAuts
Shoals:2: 1616 daAuts
    D:10: 1603 daAuts
     D:8: 1569 daAuts
     D:5: 1527 daAuts
  Lair:4: 1403 daAuts
  Lair:3: 1314 daAuts
    D:11: 1263 daAuts
